 Dungeon Crawl Stone Soup version 0.27.1-34-g3ba077fa99 (webtiles) character file.

Game seed: 15058655720304716639

50 lordive the Conjurer (level 3, -2/19 HPs)
             Began as a Gargoyle Conjurer on Jan 20, 2022.
             Slain by Sigmund (5 damage)
             ... on level 2 of the Dungeon.
             The game lasted 00:02:07 (1790 turns).

lordive the Conjurer (Gargoyle Conjurer)            Turns: 1790, Time: 00:02:08

Health: -2/19      AC:  5    Str: 10    XL:     3   Next: 79%
Magic:  6/6        EV: 11    Int: 19    God:
Gold:   69         SH:  0    Dex:  8    Spells: 3/6 levels left

rFire    . . .     SeeInvis .   d - staff of death
rCold    . . .     Faith    .   (no shield)
rNeg     + + .     Spirit   .   a - +0 robe
rPois    ∞         Reflect  .   (no helmet)
rElec    +         Harm     .   (no cloak)
rCorr    .         Rampage  .   (no gloves)
Will     .....                  (no boots)
Stlth    ++........             (no amulet)
HPRegen  0.06/turn              (no ring)
MPRegen  0.10/turn              (no ring)

@: no status effects
A: sickness immunity, AC +3, negative energy resistance 1, electricity
resistance, torment resistance 1, petrification resistance
a: no special abilities


You were on level 2 of the Dungeon.
You visited 1 branch of the dungeon, and saw 2 of its levels.

You collected 69 gold pieces.

Inventory:

Armour
 a - a +0 robe (worn)
Magical Staves
 d - a staff of death (weapon)
Scrolls
 g - a scroll of enchant weapon {unknown}
Potions
 b - a potion of curing {unknown}
 c - a potion of berserk rage {unknown}
 e - a potion of attraction {unknown}
 f - a potion of lignification {unknown}


   Skills:
 + Level 1.9 Dodging
 + Level 2.3 Stealth
 + Level 2.1 Spellcasting
 + Level 5.5 Conjurations


You had 3 spell levels left.
You knew the following spells:

 Your Spells              Type           Power      Damage    Failure   Level
a - Magic Dart            Conj           92%        1d7       1%          1
b - Searing Ray           Conj           46%        3d4       2%          2

Your spell library contained the following spells:

 Spells                   Type           Power      Damage    Failure   Level
 Dazzling Flash           Conj/Hex       24%        N/A       16%         3
 Fulminant Prism          Conj/Hex       6%         3d7       47%         4
 Iskenderun's Mystic Bla  Conj/Tloc      12%        2d5       47%         4


Dungeon Overview and Level Annotations

Branches:
Dungeon (2/15)

Altars:

Annotations:
D:2 Sigmund


Innate Abilities, Weirdness & Mutations

You are immune to sickness and miasma.
Your stone body is resilient. (AC +3)
You are immune to poison.
You resist negative energy. (rN+)
You are resistant to electric shocks. (rElec)
You are resistant to unholy torment.
You are immune to petrification.


Message History

An endoplasm comes into view.
The magic dart hits the kobold!
You kill the kobold!
The magic dart hits the endoplasm.
The endoplasm is moderately wounded.
The magic dart hits the endoplasm.
You kill the endoplasm!
Things that are here:
a +0 short sword; 2 stones
Found a stone staircase leading up.
Sigmund the Dreaded comes into view.
He is wielding a +0 scythe.
Sigmund is nearby!
The magic dart hits Sigmund.
Sigmund is lightly wounded.
Sigmund closely misses you.
Casting: Magic Dart (safe; 1% risk of failure)
Confirm with . or Enter, or press ? or * to list all spells.
Aiming: Searing Ray (safe; 2% risk of failure)
Press: ? - help, Shift-Dir - straight line, f/p - Sigmund
Aim: Sigmund, wielding a +0 scythe and wearing a +0 robe (lightly wounded, 75% to hit)
You miscast Searing Ray.
You are very lightly contaminated with residual magic.
Nothing appears to happen.
Sigmund closely misses you.
Sigmund casts a spell.
Sigmund flickers and vanishes!
Deactivating autopickup; reactivate with Ctrl-A.
Your magical contamination has completely faded away.
A puff of flame appears from out of thin air!
The puff of flame hits you.
You hear some strange, mumbled words.
Something tries to affect you, but you resist.
A puff of flame appears from out of thin air!
The puff of flame hits you!
Ouch! That really hurt!
* * * LOW HITPOINT WARNING * * *
There is a strange disturbance nearby!
There is a stone staircase leading up here.
Something hits you.
You die...

##### #.#.. ...#
#.#.. #.######.#.#
##........#.#
#.†#####..#.##
####..#####.....##
..............#..#
.###.###.####....#
#.# #.# ##.#@#
#.###.# #.#.#####.
#..){.#
#.........#
#.#.###
#.#.####### #.#.#
#.#.# #.#.# .....
#.#{## #..#.##
#.#..# #.....
..##.# #.##..


There were no monsters in sight!

Vanquished Creatures
  A gnoll (D:1)
  A dart slug (D:1)
  2 ball pythons (D:1)
  3 bats (D:1)
  7 endoplasms
  A giant cockroach (D:1)
  2 goblins (D:1)
  5 quokkas
  2 frilled lizards (D:1)
  5 kobolds
  6 rats (D:1)
35 creatures vanquished.

Notes
Turn   | Place    | Note
-------+----------+-------------------------------------------
     0 | D:1      | lordive the Gargoyle Conjurer began the quest for the Orb.
     0 | D:1      | Reached XP level 1. HP: 10/10 MP: 3/3
   325 | D:1      | Reached XP level 2. HP: 15/15 MP: 1/5
   383 | D:1      | Learned a level 2 spell: Searing Ray
   494 | D:1      | Reached skill level 5 in Conjurations
   694 | D:1      | Reached XP level 3. HP: 14/19 MP: 1/6
  1749 | D:2      | Noticed Sigmund
  1790 | D:2      | Slain by Sigmund

Illustrated notes

Levels and vault maps discovered:
D:1:      amcnicky_arrival_feature_with_door, layout_basic
D:2:      minmay_recursive_quarters, layout_loops_ring, uniq_sigmund

Skill      XL: |  1  2 |
---------------+-------+-----
Conjurations   | 5 |  5.5
Dodging        | |  1.9
Stealth        | |  2.3
Spellcasting   | |  2.1

Action                   || total
-------------------------++-------
Melee: Unarmed           ||     1
 Cast: Magic Dart        ||    67
       Searing Ray       ||     1
Armor: Robe              ||     2
Dodge: Dodged            ||    15
